TOP OF THE 1ST |
Kannapolis Intimidators batting - Pitching for Hickory Crawdads : RHP Tim Martin
|
Pitching: RHP Tim Martin
|
|
Batting: RHB Kaoru Hamada
|
0-0: Called Strike 0-1: Ball 1-1: Bunted foul 1-2: Foul Ball, location: 2F 1-2: SINGLE (Line Drive, 34D, EV 95.0 MPH)
|
Batting: RHB Corey Dalton
|
0-0: Ball 1-0: Ball 2-0: Ball 3-0: Called Strike 3-1: Called Strike 3-2: Ground out 6-3 (Groundball, 6, EV 90.0 MPH) Kaoru Hamada to second
|
Batting: LHB Jesus Ramirez
|
0-0: Foul Ball, location: 2F 0-1: Ball 1-1: Ball 2-1: Ball 3-1: Foul Ball, location: 2F 3-2: Base on Balls
|
Batting: RHB Ethan McCullough
|
0-0: Called Strike 0-1: Ball 1-1: Fielders Choice at 2nd, 1-6 (Groundball, 13S, EV 69.4 MPH) Kaoru Hamada to third
|
Batting: RHB Nick Kleckner
|
0-0: 3-RUN HOME RUN (Flyball, 9D, EV 97.5 MPH), Distance : 375 ft
|
Batting: RHB Toichiro Fujimoto
|
0-0: Ball 1-0: Called Strike 1-1: Foul Ball, location: 2F 1-2: Foul Ball, location: 2F 1-2: Ball 2-2: SINGLE (Line Drive, 4M, EV 95.6 MPH)
|
Batting: RHB Santos Guadalupe
|
0-0: Reached on error, E2 (Groundball, 2R, EV 72.5 MPH) Toichiro Fujimoto to second
|
Batting: LHB Jose Pereyra
|
0-0: Called Strike 0-1: Foul Ball, location: 2F 0-2: Ball 1-2: Ball 2-2: Ball 3-2: Base on Balls Toichiro Fujimoto to third Santos Guadalupe to second
|
Batting: RHB Dave Dominguez
|
0-0: Called Strike 0-1: Ball 1-1: Called Strike 1-2: Ball 2-2: Strikes out swinging
|
Top of the 1st over - 3 runs, 3 hits, 1 error, 3 left on base; Kannapolis 3 - Hickory 0 |
BOTTOM OF THE 1ST |
Hickory Crawdads batting - Pitching for Kannapolis Intimidators : RHP Alje Velders
|
Pitching: RHP Alje Velders
|
|
Batting: RHB Roberto Rodriguez
|
0-0: Foul Ball, location: 2F 0-1: Ball 1-1: Swinging Strike 1-2: Strikes out swinging
|
Batting: LHB Caleb Domino
|
0-0: Called Strike 0-1: Swinging Strike 0-2: Ground out 4-3 (Groundball, 4, EV 90.0 MPH)
|
Batting: LHB Yasahiko Teshima
|
0-0: Ball 1-0: Ball 2-0: Ball 3-0: Called Strike 3-1: Base on Balls
|
Batting: SHB Todd Hewitt
|
0-0: Swinging Strike 0-1: Swinging Strike 0-2: Strikes out swinging
|
Bottom of the 1st over - 0 runs, 0 hits, 0 errors, 1 left on base; Kannapolis 3 - Hickory 0 |
TOP OF THE 2ND |
Kannapolis Intimidators batting - Pitching for Hickory Crawdads : RHP Tim Martin
|
Batting: RHB Kaoru Hamada
|
0-0: Ball 1-0: Swinging Strike 1-1: Called Strike 1-2: Reached on error, E4 (Groundball, 4D, EV 105.0 MPH)
|
Batting: RHB Corey Dalton
|
0-0: Called Strike Kaoru Hamada is caught stealing 2nd base 2-4 0-1: Swinging Strike 0-2: Ball 1-2: Ball 2-2: Strikes out looking
|
Batting: LHB Jesus Ramirez
|
0-0: Called Strike 0-1: Ground out 6-3 (Groundball, P, EV 86.9 MPH)
|
Top of the 2nd over - 0 runs, 0 hits, 1 error, 0 left on base; Kannapolis 3 - Hickory 0 |
BOTTOM OF THE 2ND |
Hickory Crawdads batting - Pitching for Kannapolis Intimidators : RHP Alje Velders
|
Batting: RHB Melvin Gomez
|
0-0: Called Strike 0-1: Ball 1-1: SINGLE (Groundball, 4M, EV 110.0 MPH) (infield hit)
|
Batting: RHB Dennis Daniels
|
0-0: Ball Melvin Gomez steals 2nd base 1-0: Ball 2-0: Called Strike 2-1: Foul Ball, location: 2F 2-2: Ball 3-2: Strikes out swinging
|
Batting: RHB Cesar Martinez
|
0-0: Ball 1-0: Foul Ball, location: 2F 1-1: Foul Ball, location: 2F 1-2: Strikes out swinging
|
Batting: RHB Zach Thomason
|
0-0: Swinging Strike 0-1: Foul Ball, location: 2F 0-2: Ball 1-2: Ball 2-2: Strikes out swinging
|
Bottom of the 2nd over - 0 runs, 1 hit, 0 errors, 1 left on base; Kannapolis 3 - Hickory 0 |
TOP OF THE 3RD |
Kannapolis Intimidators batting - Pitching for Hickory Crawdads : RHP Tim Martin
|
Batting: RHB Ethan McCullough
|
0-0: Foul Ball, location: 2F 0-1: Foul Ball, location: 2F 0-2: Fly out, F7 (Line Drive, 7, EV 106.9 MPH)
|
Batting: RHB Nick Kleckner
|
0-0: Swinging Strike 0-1: Ball 1-1: Ball 2-1: Ball 3-1: Foul Ball, location: 2F 3-2: Base on Balls
|
Batting: RHB Toichiro Fujimoto
|
0-0: Ball 1-0: Swinging Strike 1-1: Swinging Strike 1-2: Ball 2-2: Ball 3-2: Foul Ball, location: 2F 3-2: Base on Balls Nick Kleckner to second
|
Batting: RHB Santos Guadalupe
|
0-0: Called Strike 0-1: Foul Ball, location: 2F 0-2: Strikes out looking
|
Batting: LHB Jose Pereyra
|
0-0: Called Strike 0-1: Ball 1-1: Foul Ball, location: 2F 1-2: Foul Ball, location: 2F 1-2: Strikes out looking
|
Top of the 3rd over - 0 runs, 0 hits, 0 errors, 2 left on base; Kannapolis 3 - Hickory 0 |
BOTTOM OF THE 3RD |
Hickory Crawdads batting - Pitching for Kannapolis Intimidators : RHP Alje Velders
|
Batting: RHB Johannes Gutermuth
|
0-0: Foul Ball, location: 2F 0-1: Ball 1-1: Called Strike 1-2: Ball 2-2: Ground out 5-3 (Groundball, 56, EV 98.1 MPH)
|
Batting: RHB Roberto Rodriguez
|
0-0: Foul Ball, location: 2F 0-1: Ball 1-1: Swinging Strike 1-2: Ball 2-2: Foul Ball, location: 2F 2-2: Foul Ball, location: 2F 2-2: Foul Ball, location: 2F 2-2: Foul Ball, location: 2F 2-2: Ball 3-2: Ground out 6-3 (Groundball, 6, EV 100.0 MPH)
|
Batting: LHB Caleb Domino
|
0-0: Ball 1-0: Foul Ball, location: 2F 1-1: Ball 2-1: Ball 3-1: Foul Ball, location: 2F 3-2: Base on Balls
|
Batting: LHB Yasahiko Teshima
|
0-0: Ball 1-0: Ball 2-0: Ball 3-0: Base on Balls Caleb Domino to second
|
Batting: SHB Todd Hewitt
|
0-0: Called Strike 0-1: Fly out, F9 (Line Drive, 9LS, EV 95.6 MPH)
|
Bottom of the 3rd over - 0 runs, 0 hits, 0 errors, 2 left on base; Kannapolis 3 - Hickory 0 |
TOP OF THE 4TH |
Kannapolis Intimidators batting - Pitching for Hickory Crawdads : RHP Tim Martin
|
Batting: RHB Dave Dominguez
|
0-0: Ball 1-0: Ball 2-0: Swinging Strike 2-1: Ball 3-1: Called Strike 3-2: Strikes out looking
|
Batting: RHB Kaoru Hamada
|
0-0: Called Strike 0-1: Swinging Strike 0-2: Ground out U3 (Groundball, 3, EV 95.6 MPH)
|
Batting: RHB Corey Dalton
|
0-0: Ball 1-0: Ball 2-0: Called Strike 2-1: Called Strike 2-2: Strikes out swinging
|
Top of the 4th over - 0 runs, 0 hits, 0 errors, 0 left on base; Kannapolis 3 - Hickory 0 |
BOTTOM OF THE 4TH |
Hickory Crawdads batting - Pitching for Kannapolis Intimidators : RHP Alje Velders
|
Batting: RHB Melvin Gomez
|
0-0: Called Strike 0-1: Ball 1-1: Ground out 5-3 (Groundball, 56S, EV 73.1 MPH)
|
Batting: RHB Dennis Daniels
|
0-0: Called Strike 0-1: Ball 1-1: Called Strike 1-2: Ground out U3 (Groundball, 3, EV 88.1 MPH)
|
Batting: RHB Cesar Martinez
|
0-0: Ball 1-0: Foul Ball, location: 2F 1-1: Swinging Strike 1-2: Strikes out swinging
|
Bottom of the 4th over - 0 runs, 0 hits, 0 errors, 0 left on base; Kannapolis 3 - Hickory 0 |
TOP OF THE 5TH |
Kannapolis Intimidators batting - Pitching for Hickory Crawdads : RHP Tim Martin
|
Batting: LHB Jesus Ramirez
|
0-0: Called Strike 0-1: Ball 1-1: Swinging Strike 1-2: Ball 2-2: Ground out U3 (Groundball, 34S, EV 82.5 MPH)
|
Batting: RHB Ethan McCullough
|
0-0: Ball 1-0: Called Strike 1-1: Foul Ball, location: 2F 1-2: Ball 2-2: Foul Ball, location: 2F 2-2: Foul Ball, location: 2F 2-2: Strikes out looking
|
Batting: RHB Nick Kleckner
|
0-0: Ball 1-0: Ball 2-0: SINGLE (Groundball, 6MD, EV 94.4 MPH)
|
Batting: RHB Toichiro Fujimoto
|
0-0: Called Strike Balk! Nick Kleckner to second 0-1: DOUBLE (Line Drive, 9LS, EV 96.9 MPH) Nick Kleckner scores
|
Batting: RHB Santos Guadalupe
|
0-0: Ball 1-0: Ball 2-0: Called Strike 2-1: Fly out, F8 (Flyball, 8RD, EV 108.8 MPH)
|
Top of the 5th over - 1 run, 2 hits, 0 errors, 1 left on base; Kannapolis 4 - Hickory 0 |
BOTTOM OF THE 5TH |
Hickory Crawdads batting - Pitching for Kannapolis Intimidators : RHP Alje Velders
|
Batting: RHB Zach Thomason
|
0-0: Ball 1-0: Fly out, F9 (Flyball, 9LSF, EV 86.9 MPH)
|
Batting: RHB Johannes Gutermuth
|
0-0: Foul Ball, location: 2F 0-1: Ball 1-1: Fly out, F9 (Line Drive, 89M, EV 110.6 MPH)
|
Batting: RHB Roberto Rodriguez
|
0-0: Called Strike 0-1: SINGLE (Groundball, 25, EV 66.2 MPH) (infield hit)
|
Batting: LHB Caleb Domino
|
0-0: Ball 1-0: Called Strike 1-1: Ball 2-1: Foul Ball, location: 2F 2-2: Ball 3-2: Base on Balls Roberto Rodriguez to second
|
Pitching: LHP Keith O'Brien
|
|
Batting: LHB Yasahiko Teshima
|
0-0: Ball 1-0: Ball 2-0: Called Strike 2-1: SINGLE (Flyball, 8LS, EV 90.6 MPH) Roberto Rodriguez to third Caleb Domino to second Runner from 3rd tries for Home, SAFE, throw by CF to home
|
Batting: SHB Todd Hewitt
|
0-0: Ball 1-0: Ball 2-0: Ball 3-0: Base on Balls Caleb Domino to third Yasahiko Teshima to second
|
Batting: RHB Melvin Gomez
|
0-0: Called Strike 0-1: Ball 1-1: Ball 2-1: Swinging Strike 2-2: Ball 3-2: Base on Balls Caleb Domino scores Yasahiko Teshima to third Todd Hewitt to second
|
Batting: RHB Dennis Daniels
|
0-0: Called Strike 0-1: Swinging Strike 0-2: Fly out, F1 (Line Drive, P, EV 65.6 MPH)
|
Bottom of the 5th over - 2 runs, 2 hits, 0 errors, 3 left on base; Kannapolis 4 - Hickory 2 |
TOP OF THE 6TH |
Kannapolis Intimidators batting - Pitching for Hickory Crawdads : RHP Tim Martin
|
Batting: LHB Jose Pereyra
|
0-0: Ball 1-0: Foul Ball, location: 2F 1-1: Swinging Strike 1-2: Strikes out swinging
|
Batting: RHB Dave Dominguez
|
0-0: Foul Ball, location: 2F 0-1: Swinging Strike 0-2: Strikes out swinging
|
Batting: RHB Kaoru Hamada
|
0-0: Called Strike 0-1: Ball 1-1: Foul Ball, location: 2F 1-2: Strikes out swinging
|
Top of the 6th over - 0 runs, 0 hits, 0 errors, 0 left on base; Kannapolis 4 - Hickory 2 |
BOTTOM OF THE 6TH |
Hickory Crawdads batting - Pitching for Kannapolis Intimidators : LHP Keith O'Brien
|
Batting: RHB Cesar Martinez
|
0-0: Ball 1-0: Called Strike 1-1: Ball 2-1: Swinging Strike 2-2: SOLO HOME RUN (Flyball, 78XD, EV 100.6 MPH), Distance : 435 ft
|
Batting: RHB Zach Thomason
|
0-0: Foul Ball, location: 2F 0-1: Foul Ball, location: 2F 0-2: Ball 1-2: Ball 2-2: Ball 3-2: Ground out 6-3 (Groundball, 6, EV 91.2 MPH)
|
Pitching: RHP Dave Rosado
|
|
Pinch Hitting: LHB Sean Gingrich
|
0-0: Ball 1-0: Called Strike 1-1: Swinging Strike 1-2: Foul Ball, location: 2F 1-2: Ground out 1-3 (Groundball, 34S, EV 68.8 MPH)
|
Pinch Hitting: SHB David Simpson
|
0-0: Called Strike 0-1: Called Strike 0-2: Ball 1-2: Ball 2-2: DOUBLE (Flyball, 8RXD, EV 91.2 MPH)
|
Batting: LHB Caleb Domino
|
0-0: Ground out 6-3 (Groundball, 6M, EV 76.9 MPH)
|
Bottom of the 6th over - 1 run, 2 hits, 0 errors, 1 left on base; Kannapolis 4 - Hickory 3 |
TOP OF THE 7TH |
Kannapolis Intimidators batting - Pitching for Hickory Crawdads : RHP Tim Martin
|
Pitching: RHP Jeff Bliss
|
|
Now at 3B: David Simpson
|
|
Now in RF: Sean Gingrich
|
|
Batting: LHB Ryan Dyal
|
0-0: Fly out, F9 (Flyball, 89D, EV 101.2 MPH)
|
Pitching: LHP Mario Castro
|
|
Batting: LHB Jesus Ramirez
|
0-0: Ball 1-0: Fly out, F7 (Flyball, 7S, EV 93.8 MPH)
|
Batting: RHB Ethan McCullough
|
0-0: Ball 1-0: Foul Ball, location: 2F 1-1: Called Strike 1-2: Ball 2-2: Ball 3-2: Strikes out looking
|
Top of the 7th over - 0 runs, 0 hits, 0 errors, 0 left on base; Kannapolis 4 - Hickory 3 |
BOTTOM OF THE 7TH |
Hickory Crawdads batting - Pitching for Kannapolis Intimidators : RHP Dave Rosado
|
Pitching: RHP Steve Friesner
|
|
Now at 1B: Luwen Storm
|
|
Batting: LHB Yasahiko Teshima
|
0-0: Ball 1-0: Foul Ball, location: 2F 1-1: Ball 2-1: Ball 3-1: Foul Ball, location: 2F 3-2: Base on Balls
|
Batting: SHB Todd Hewitt
|
0-0: Called Strike 0-1: Ball 1-1: Ball 2-1: Foul Ball, location: 2F 2-2: Fielders Choice at 2nd, 6-4 (Groundball, 6, EV 86.9 MPH)
|
Batting: LHB Ben Radach
|
0-0: Called Strike 0-1: Swinging Strike 0-2: Fly out, F8 (Flyball, 8RXD, EV 96.9 MPH)
|
Pinch Hitting: LHB Pablo Cardona
|
0-0: Ball 1-0: Called Strike Todd Hewitt steals 2nd base 1-1: Ball 2-1: Foul Ball, location: 2F 2-2: Ball 3-2: Strikes out looking
|
Bottom of the 7th over - 0 runs, 0 hits, 0 errors, 1 left on base; Kannapolis 4 - Hickory 3 |
TOP OF THE 8TH |
Kannapolis Intimidators batting - Pitching for Hickory Crawdads : LHP Mario Castro
|
Now at 2B: Aaron Graham
|
|
Now at SS: Zach Thomason
|
|
Batting: RHB Nick Kleckner
|
0-0: Ball 1-0: Ball 2-0: Ground out 6-3 (Groundball, 6, EV 111.2 MPH)
|
Batting: RHB Toichiro Fujimoto
|
0-0: Ball 1-0: Foul Ball, location: 2F 1-1: Swinging Strike 1-2: Ground out 6-3 (Groundball, 6S, EV 75.0 MPH)
|
Batting: RHB Santos Guadalupe
|
0-0: Ball 1-0: Ball 2-0: Ball 3-0: Called Strike 3-1: Foul Ball, location: 2F 3-2: Ground out 4-3 (Groundball, 4MD, EV 82.5 MPH)
|
Top of the 8th over - 0 runs, 0 hits, 0 errors, 0 left on base; Kannapolis 4 - Hickory 3 |
BOTTOM OF THE 8TH |
Hickory Crawdads batting - Pitching for Kannapolis Intimidators : RHP Steve Friesner
|
Batting: RHB Cesar Martinez
|
0-0: Called Strike 0-1: Ball 1-1: Foul Ball, location: 2F 1-2: Ball 2-2: Ground out 4-3 (Groundball, 4, EV 80.0 MPH)
|
Batting: RHB Zach Thomason
|
0-0: Ball 1-0: SINGLE (Groundball, 6, EV 94.4 MPH)
|
Batting: LHB Sean Gingrich
|
0-0: Ball 1-0: Ball 2-0: Called Strike 2-1: Ball 3-1: Base on Balls Zach Thomason to second
|
Batting: SHB David Simpson
|
0-0: Sac Bunt to 15S - play at first, batter OUT! 1-4 Zach Thomason to third Sean Gingrich to second
|
Batting: LHB Caleb Domino
|
0-0: Swinging Strike 0-1: Swinging Strike 0-2: Foul Ball, location: 2F 0-2: Foul Ball, location: 2F 0-2: Ball 1-2: Strikes out swinging
|
Bottom of the 8th over - 0 runs, 1 hit, 0 errors, 2 left on base; Kannapolis 4 - Hickory 3 |
TOP OF THE 9TH |
Kannapolis Intimidators batting - Pitching for Hickory Crawdads : LHP Mario Castro
|
Pitching: RHP Victor Benitez
|
|
Batting: LHB Jose Pereyra
|
0-0: Called Strike 0-1: Ball 1-1: Ball 2-1: Foul Ball, location: 2F 2-2: Strikes out swinging
|
Batting: RHB Dave Dominguez
|
0-0: Foul Ball, location: 2F 0-1: Ball 1-1: Called Strike 1-2: Foul Ball, location: 2F 1-2: Strikes out swinging
|
Batting: RHB Kaoru Hamada
|
0-0: Called Strike 0-1: Foul Ball, location: 2F 0-2: SINGLE (Groundball, 6, EV 95.6 MPH)
|
Batting: LHB Ryan Dyal
|
0-0: Swinging Strike 0-1: Ball 1-1: Ball Kaoru Hamada steals 2nd base 2-1: Foul Ball, location: 2F 2-2: Ball 3-2: 2-RUN HOME RUN (Flyball, 9D, EV 95.0 MPH), Distance : 370 ft
|
Batting: RHB Luwen Storm
|
0-0: Ball 1-0: Foul Ball, location: 2F 1-1: Ball 2-1: Foul Ball, location: 2F 2-2: Strikes out looking
|
Top of the 9th over - 2 runs, 2 hits, 0 errors, 0 left on base; Kannapolis 6 - Hickory 3 |
BOTTOM OF THE 9TH |
Hickory Crawdads batting - Pitching for Kannapolis Intimidators : RHP Steve Friesner
|
Pitching: LHP Ray Sowers
|
|
Batting: LHB Yasahiko Teshima
|
0-0: Fly out, F4 (Popup, 4, EV 55.0 MPH)
|
Batting: SHB Todd Hewitt
|
0-0: Ball 1-0: Ball 2-0: Called Strike 2-1: Foul Ball, location: 2F 2-2: Ball 3-2: Strikes out swinging
|
Batting: LHB Ben Radach
|
0-0: Foul Ball, location: 2F 0-1: Ball 1-1: Called Strike 1-2: Ball 2-2: Foul Ball, location: 2F 2-2: Strikes out swinging
|
Bottom of the 9th over - 0 runs, 0 hits, 0 errors, 0 left on base; Kannapolis 6 - Hickory 3 |
|